 Dungeon Sprint DCSS version 0.28.0-62-gf88900778d (webtiles) character file.

Game seed: 7289365468598538789

1134 CrazyBamboolord the Thrower (level 8, -6/102 HPs)
             Began as a Gnoll Hunter on Nov 29, 2023.
             Was a Believer of Makhleb.
             Mangled by a centaur warrior (11 damage)
             ... in the Dungeon (Sprint IX: "|||||||||||||||||||||||||||||").
             The game lasted 00:04:28 (742 turns).

CrazyBamboolord the Thrower (Gnoll Hunter)           Turns: 742, Time: 00:04:28

Health: -6/102     AC: 13    Str: 14    XL:     8   Next: 36%
Magic:  15/17      EV: 13    Int: 10    God:    Makhleb [**....]
Gold:   0          SH:  0    Dex: 16    Spells: 19/19 levels left

rFire   . . .      SeeInvis .   n - +4 quarterstaff (speed)
rCold   . . .      Faith    .   (shield currently unavailable)
rNeg    . . .      Spirit   .   r - +1 scale mail
rPois   .          Reflect  .   (no helmet)
rElec   .          Harm     .   (no cloak)
rCorr   .          Rampage  .   a - +0 pair of gloves
Will    .....      NoTele   +   q - +0 pair of boots
Stlth   ..........              (no amulet)
HPRegen 0.27/turn               s - +3 ring of strength
MPRegen 0.15/turn               t - +2 ring of protection

@: berserking, hasted, very quick
A: fangs 1, strong nose, distributed training
a: Renounce Religion, Minor Destruction


You were in the Dungeon.
You worshipped Makhleb.
Makhleb was pleased with you.
You visited 1 branch

Inventory:

Hand Weapons
 n - a +4 quarterstaff of speed (weapon)
 o - a +2 rapier of venom
 p - a +2 scimitar of flaming
Missiles
 c - 2 javelins (quivered)
 d - a throwing net
Armour
 a - a +0 pair of gloves (worn)
 b - a +0 leather armour
 q - a +0 pair of boots (worn)
 r - a +1 scale mail (worn)
Jewellery
 s - a +3 ring of strength (left hand)
 t - a +2 ring of protection (right hand)
Wands
 m - a wand of acid (10)
Scrolls
 j - 2 scrolls of blinking
 l - 2 scrolls of amnesia
Potions
 h - 4 potions of magic
 k - 4 potions of curing


   Skills:
 + Level 8.0 Fighting
 + Level 6.4 Short Blades
 + Level 6.4 Long Blades
 + Level 6.4 Axes
 + Level 6.4 Maces & Flails
 + Level 6.4 Polearms
 + Level 6.4 Staves
 + Level 6.4 Slings
 + Level 6.4 Bows
 + Level 6.4 Crossbows
 + Level 10.7 Throwing
 + Level 6.4 Armour
 + Level 8.0 Dodging
 + Level 6.9 Stealth
 + Level 6.4 Shields
 + Level 6.4 Unarmed Combat
 + Level 6.4 Spellcasting
 + Level 5.3 Conjurations
 + Level 5.3 Hexes
 + Level 5.3 Summonings
 + Level 5.3 Necromancy
 + Level 5.3 Translocations
 + Level 5.3 Transmutations
 + Level 5.3 Fire Magic
 + Level 5.3 Ice Magic
 + Level 5.3 Air Magic
 + Level 5.3 Earth Magic
 + Level 5.3 Poison Magic
 + Level 7.0 Invocations
 + Level 6.4 Evocations


You had 19 spell levels left.
You didn't know any spells.
Your spell library was empty.

Dungeon Overview and Level Annotations

Branches:
Dungeon (1/1)

Altars:
Cheibriados
Dithmenos
Elyvilon
Fedhas
Gozag
Hepliaklqana
Kikubaaqudgha
Makhleb
Nemelex Xobeh
Okawaru
Qazlal
Ru
Sif Muna
Trog
Uskayaw
Vehumet
Wu Jian
Xom
Yredelemnul
Zin
The Shining One
Beogh
Jiyva
Lugonu


Innate Abilities, Weirdness & Mutations

You have very sharp teeth.
Your uncanny sense of smell can sniff out nearby items.
Your experience applies equally to all skills.


Message History

Your Polearms skill increases to level 6!
Your Staves skill increases to level 6!
Your Slings skill increases to level 6!
Your Bows skill increases to level 6!
Your Crossbows skill increases to level 6!
Your Armour skill increases to level 6!
Your Dodging skill increases to level 8!
Your Stealth skill increases to level 6!
Your Shields skill increases to level 6!
Your Unarmed Combat skill increases to level 6!
Your Spellcasting skill increases to level 6!
Your Conjurations skill increases to level 5!
Your Hexes skill increases to level 5!
Your Summonings skill increases to level 5!
Your Necromancy skill increases to level 5!
Your Translocations skill increases to level 5!
Your Transmutations skill increases to level 5!
Your Fire Magic skill increases to level 5!
Your Ice Magic skill increases to level 5!
Your Air Magic skill increases to level 5!
Your Earth Magic skill increases to level 5!
Your Poison Magic skill increases to level 5!
Your Invocations skill gained 2 levels and is now at level 7!
Your Evocations skill increases to level 6!
You have reached level 8!
You feel agile. The centaur warrior hits you!
* * * LOW HITPOINT WARNING * * *
The centaur warrior closely misses you.
Items here: ))) †.
You sock the centaur warrior!
The centaur warrior is lightly wounded.
The centaur warrior hits you!
* * * LOW HITPOINT WARNING * * *
The centaur warrior barely misses you.
You thump the centaur warrior!
The centaur warrior is heavily wounded.
You hit the centaur warrior.
The centaur warrior is heavily wounded.
The centaur warrior hits you!
You die...

▓.▓
∆
▓.▓
∆
▓.▓
∆
▓'▓
∆
▓.▓
∆
▓.▓
∆
▓.▓
▓c▓
▓@▓
▓'▓
▓.▓
▓.▓
▓.▓
▓<▓
▓▓▓


You could see a centaur warrior.

Vanquished Creatures
  A two-headed ogre (D)
  A wyvern (D)
  A wraith (D)
  An orc warrior (D)
  A scorpion (D)
  A gnoll shaman (D)
  2 iguanas (D)
  An orc wizard (D)
  An adder (D)
  An endoplasm (D)
  A goblin (D)
  3 quokkas (D)
  A ball python (D)
  A ball python zombie (D)
17 creatures vanquished.

Notes
Turn   | Place    | Note
-------+----------+-------------------------------------------
     0 | D        | CrazyBamboolord the Gnoll Hunter began the quest for the
                  | Orb.
     0 | D        | Reached XP level 1. HP: 20/20 MP: 1/1
     6 | D        | Reached skill level 1 in Invocations
     7 | D        | Reached skill level 1 in Short Blades
     7 | D        | Reached skill level 1 in Long Blades
     7 | D        | Reached skill level 1 in Axes
     7 | D        | Reached skill level 1 in Maces & Flails
     7 | D        | Reached skill level 1 in Polearms
     7 | D        | Reached skill level 1 in Staves
     7 | D        | Reached skill level 1 in Slings
     7 | D        | Reached skill level 1 in Bows
     7 | D        | Reached skill level 1 in Crossbows
     7 | D        | Reached skill level 1 in Armour
     7 | D        | Reached skill level 1 in Shields
     7 | D        | Reached skill level 1 in Unarmed Combat
     7 | D        | Reached skill level 1 in Spellcasting
     7 | D        | Reached skill level 1 in Evocations
    23 | D        | Noticed a scorpion
    23 | D        | Noticed an iguana
    23 | D        | Noticed an iguana
    24 | D        | Killed an iguana
    25 | D        | Reached skill level 5 in Fighting
    25 | D        | Reached skill level 5 in Dodging
    25 | D        | Reached skill level 1 in Conjurations
    25 | D        | Reached skill level 1 in Hexes
    25 | D        | Reached skill level 1 in Summonings
    25 | D        | Reached skill level 1 in Necromancy
    25 | D        | Reached skill level 1 in Translocations
    25 | D        | Reached skill level 1 in Transmutations
    25 | D        | Reached skill level 1 in Fire Magic
    25 | D        | Reached skill level 1 in Ice Magic
    25 | D        | Reached skill level 1 in Air Magic
    25 | D        | Reached skill level 1 in Earth Magic
    25 | D        | Reached skill level 1 in Poison Magic
    25 | D        | Reached XP level 2. HP: 27/27 MP: 2/4
    25 | D        | Reached XP level 3. HP: 33/33 MP: 2/5
    29 | D        | Reached XP level 4. HP: 16/39 MP: 2/7
    52 | D        | Killed a scorpion
    53 | D        | Reached skill level 9 in Throwing
    53 | D        | Reached XP level 5. HP: 18/46 MP: 4/9
   246 | D        | Found a snail-covered altar of Cheibriados.
   246 | D        | Found a shadowy altar of Dithmenos.
   246 | D        | Found a white marble altar of Elyvilon.
   246 | D        | Found a blossoming altar of Fedhas.
   246 | D        | Found an opulent altar of Gozag.
   247 | D        | Found a hazy altar of Hepliaklqana.
   248 | D        | Found a viscous altar of Jiyva.
   249 | D        | Found an ancient bone altar of Kikubaaqudgha.
   250 | D        | Found a corrupted altar of Lugonu.
   251 | D        | Found a burning altar of Makhleb.
   252 | D        | Found a sparkling altar of Nemelex Xobeh.
   253 | D        | Found an iron altar of Okawaru.
   254 | D        | Found a stormy altar of Qazlal.
   255 | D        | Found a sacrificial altar of Ru.
   256 | D        | Found a shimmering blue altar of Sif Muna.
   257 | D        | Found a bloodstained altar of Trog.
   258 | D        | Found a hide-covered altar of Uskayaw.
   259 | D        | Found a radiant altar of Vehumet.
   260 | D        | Found an ornate altar of the Wu Jian Council.
   261 | D        | Found a shimmering altar of Xom.
   262 | D        | Found a basalt altar of Yredelemnul.
   263 | D        | Found a glowing silver altar of Zin.
   264 | D        | Found a glowing golden altar of the Shining One.
   289 | D        | Became a worshipper of Makhleb the Destroyer
   347 | D        | Noticed a wraith
   347 | D        | Noticed a wyvern
   347 | D        | Noticed an orc warrior
   390 | D        | Killed a wyvern
   391 | D        | Reached skill level 5 in Stealth
   391 | D        | Reached XP level 6. HP: 42/53 MP: 9/12
   400 | D        | Killed an orc warrior
   400 | D        | Reached * piety under Makhleb
   401 | D        | Reached skill level 5 in Invocations
   403 | D        | Reached skill level 5 in Short Blades
   403 | D        | Reached skill level 5 in Long Blades
   403 | D        | Reached skill level 5 in Axes
   403 | D        | Reached skill level 5 in Maces & Flails
   403 | D        | Reached skill level 5 in Polearms
   403 | D        | Reached skill level 5 in Staves
   403 | D        | Reached skill level 5 in Slings
   403 | D        | Reached skill level 5 in Bows
   403 | D        | Reached skill level 5 in Crossbows
   403 | D        | Reached skill level 5 in Armour
   403 | D        | Reached skill level 5 in Shields
   403 | D        | Reached skill level 5 in Unarmed Combat
   403 | D        | Reached skill level 5 in Spellcasting
   403 | D        | Reached skill level 5 in Evocations
   406 | D        | Killed a wraith
   407 | D        | Reached skill level 10 in Throwing
   407 | D        | Reached XP level 7. HP: 16/60 MP: 10/15
   665 | D        | Reached ** piety under Makhleb
   672 | D        | Noticed a troll
   672 | D        | Noticed a meliai
   672 | D        | Noticed a cyclops
   672 | D        | Noticed a centaur warrior
   672 | D        | Noticed a two-headed ogre
   738 | D        | Killed a two-headed ogre
   739 | D        | Reached skill level 5 in Conjurations
   739 | D        | Reached skill level 5 in Hexes
   739 | D        | Reached skill level 5 in Summonings
   739 | D        | Reached skill level 5 in Necromancy
   739 | D        | Reached skill level 5 in Translocations
   739 | D        | Reached skill level 5 in Transmutations
   739 | D        | Reached skill level 5 in Fire Magic
   739 | D        | Reached skill level 5 in Ice Magic
   739 | D        | Reached skill level 5 in Air Magic
   739 | D        | Reached skill level 5 in Earth Magic
   739 | D        | Reached skill level 5 in Poison Magic
   739 | D        | Reached XP level 8. HP: 22/68 MP: 15/17
   740 | D        | HP: 5/102 [centaur warrior (7)]
   742 | D        | Mangled by a centaur warrior

Illustrated notes

Levels and vault maps discovered:
D:        linesprint [early_d, line_temple, items_1, d_10, items_2, lair_1,
          lair_end, items_3, orc_1, orc_end, items_4, d_15, swamp_1, shoals_1,
          snake_1, spider_1, d_20, vaults_1, items_5, swamp_end, shoals_end,
          snake_end, spider_end, vaults_end, d_27, items_6, zot_1, zot_end,
          crypt_end, forest_end, elf_end, slime_end, tomb_end, abyss_end,
          pan_hell_end]

Skill      XL: |  1  2  3  4  5  6  7 |
---------------+----------------------+-----
Invocations    | 2 3 4 5 7 |  7.0
Short Blades   | 1 2 3 4 5 6 |  6.4
Long Blades    | 1 2 3 4 5 6 |  6.4
Axes           | 1 2 3 4 5 6 |  6.4
Maces & Flails | 1 2 3 4 5 6 |  6.4
Polearms       | 1 2 3 4 5 6 |  6.4
Staves         | 1 2 3 4 5 6 |  6.4
Slings         | 1 2 3 4 5 6 |  6.4
Bows           | 1 2 3 4 5 6 |  6.4
Crossbows      | 1 2 3 4 5 6 |  6.4
Armour         | 1 2 3 4 5 6 |  6.4
Shields        | 1 2 3 4 5 6 |  6.4
Unarmed Combat | 1 2 3 4 5 6 |  6.4
Spellcasting   | 1 2 3 4 5 6 |  6.4
Evocations     | 1 2 3 4 5 6 |  6.4
Fighting       | 5 6 7 8 |  8.0
Dodging        | 5 6 7 8 |  8.0
Stealth        | 3 4 5 6 |  6.9
Conjurations   | 1 2 3 4 5 |  5.3
Hexes          | 1 2 3 4 5 |  5.3
Summonings     | 1 2 3 4 5 |  5.3
Necromancy     | 1 2 3 4 5 |  5.3
Translocations | 1 2 3 4 5 |  5.3
Transmutations | 1 2 3 4 5 |  5.3
Fire Magic     | 1 2 3 4 5 |  5.3
Ice Magic      | 1 2 3 4 5 |  5.3
Air Magic      | 1 2 3 4 5 |  5.3
Earth Magic    | 1 2 3 4 5 |  5.3
Poison Magic   | 1 2 3 4 5 |  5.3
Throwing       | 9 10 | 10.7

Action                   |  1- 3 |  4- 6 |  7- 9 || total
-------------------------+-------+-------+-------++-------
Melee: Short sword       |     1 |    20 |       ||    21
       Bite              |       |     4 |     1 ||     5
       Quarterstaff      |       |    11 |    13 ||    24
Throw: Javelin           |     7 |     5 |     2 ||    14
       Throwing net      |       |     2 |       ||     2
  Use: Potion            |       |     4 |     3 ||     7
Armor: Leather armour    |       |     3 |       ||     3
       Scale mail        |       |     2 |     1 ||     3
Dodge: Dodged            |     2 |    24 |     8 ||    34
